 Dungeon Crawl Stone Soup version 0.28-a0-1038-g9c4cb8273d (webtiles) character file.

Game seed: 7205780474330635433

21 yoda5477 the Shield-Bearer (level 2, 0/24 HPs)
             Began as a Demonspawn Fighter on Dec 8, 2021.
             Slain by an adder (4 damage)
             ... on level 2 of the Dungeon.
             The game lasted 00:03:49 (956 turns).

yoda5477 the Shield-Bearer (Demonspawn Fighter)      Turns: 956, Time: 00:03:51

Health: 0/24       AC: 10    Str: 16    XL:     2   Next: 62%
Magic:  2/2        EV:  6    Int:  9    God:
Gold:   84         SH:  4    Dex: 12    Spells: 1/1 levels left

rFire   . . .      SeeInvis .   a - +0 long sword
rCold   . . .      Faith    .   c - +0 buckler
rNeg    . . .      Spirit   .   p - +0 chain mail
rPois   .          Reflect  .   e - +0 helmet
rElec   .          Harm     .   (no cloak)
rCorr   .          Rampage  .   (no gloves)
Will    .....                   (no boots)
Stlth   ..........              (no amulet)
HPRegen 0.08/turn               (no ring)
MPRegen 0.16/turn               (no ring)

@: lethally poisoned (0 -> -4)
A: magic regeneration
a: no special abilities


You were on level 2 of the Dungeon.
You visited 1 branch of the dungeon, and saw 2 of its levels.

You collected 84 gold pieces.

Inventory:

Hand Weapons
 a - a +0 long sword (weapon)
Missiles
 h - 25 stones (quivered)
 i - 23 arrows
 k - 14 poisoned darts
 l - 15 bolts
Armour
 c - a +0 buckler (worn)
 e - a +0 helmet (worn)
 p - a +0 chain mail (worn)
Magical Staves
 m - a staff of poison
Scrolls
 b - a scroll of identify {unknown}
 g - a scroll of enchant weapon {unknown}
 n - a scroll of blinking {unknown}
 o - 2 scrolls of noise {unknown}
 q - a scroll of vulnerability {unknown}
Potions
 d - a potion of might
 f - a potion of haste {unknown}
 j - a potion of heal wounds {unknown}
 r - a potion of mutation {unknown}


   Skills:
 - Level 3.0 Fighting
 * Level 2.5 Long Blades
 - Level 2.6 Armour
 + Level 3.1 Shields


You had one spell level left.
You didn't know any spells.
Your spell library contained the following spells:

 Spells                   Type           Power      Damage    Failure   Level
 Shock                    Conj/Air       0%         1d3       100%        1
 Swiftness                Air            0%         N/A       100%        3
 Airstrike                Air            0%         N/A       100%        4


Dungeon Overview and Level Annotations

Branches:
Dungeon (2/15)

Altars:

Shops:
D:1 (


Innate Abilities, Weirdness & Mutations

You regenerate magic rapidly.


Message History

You can access your shopping list by pressing '$'.
You now have 84 gold pieces (gained 12).
You see here a giant cockroach corpse.
An adder comes into view.
Found 13 gold pieces.
The adder hisses angrily.
You miss the adder. The adder barely misses you. The adder bites you.
You barely miss the adder. The adder bites you.
The adder bites you but does no damage.
You completely miss the adder. The adder bites you.
A kobold comes into view. It is wielding a +0 short sword.
You closely miss the adder. You block the adder's attack.
The adder bites you but does no damage.
You miss the adder. The adder bites you but does no damage.
You block the adder's attack.
You closely miss the adder. The adder bites you but does no damage.
You hit the adder.
The adder is heavily wounded.
The adder bites you but does no damage. The adder barely misses you.
You closely miss the adder.
The adder is heavily wounded.
The adder bites you but does no damage. x2
You hit the adder but do no damage.
The adder is heavily wounded.
The kobold hits you with a +0 short sword.
The adder bites you but does no damage.
You miss the adder.
The adder is heavily wounded.
The adder bites you.
You are poisoned.
The adder poisons you! The kobold hits you but does no damage.
The adder bites you but does no damage. The kobold hits you but does no damage.
You barely miss the adder.
The adder is heavily wounded.
You feel very sick. You block the adder's attack.
The kobold hits you with a +0 short sword.
* * * LOW HITPOINT WARNING * * *
The adder bites you.
You die...

###.###.# ....###.##
.# ######...# #. # #
#...# .. ### #
#...##### ## # .... #
#...#...### P# ...
..#. #
####....###..#####....
.... #........##
##......# .........#
#..@K#.... #
#........# #.##S# . #
#####.... #$## .#
#...# ... .. #........
#.. ######### ###
####### bP ......#
#..######


You could see an adder and a kobold.

Vanquished Creatures
  A dart slug (D:2)
  2 bats
  3 endoplasms
  2 giant cockroaches (D:2)
  3 jackals (D:1)
  2 ball pythons (D:1)
  2 frilled lizards (D:2)
  A kobold (D:2)
  A rat (D:1)
17 creatures vanquished.

Vanquished Creatures (others)
  A ghoul (D:1)
  A draconian (D:1)
  2 gargoyles (D:1)
  A vine stalker (D:1)
  An elf (D:1)
  2 merfolk (D:1)
  A human (D:1)
  A naga (D:1)
  A gnoll (D:1)
  An orc (D:1)
  8 tentacles (D:1)
20 creatures vanquished.

Grand Total: 37 creatures vanquished

Notes
Turn   | Place    | Note
-------+----------+-------------------------------------------
     0 | D:1      | yoda5477 the Demonspawn Fighter began the quest for the
                  | Orb.
     0 | D:1      | Reached XP level 1. HP: 18/18 MP: 1/1
     0 | D:1      | Noticed a human
     0 | D:1      | Noticed a vine stalker
     0 | D:1      | Noticed a gargoyle
     0 | D:1      | Noticed a gargoyle
     0 | D:1      | Noticed a merfolk
     0 | D:1      | Noticed a kraken
     0 | D:1      | Noticed a ghoul
     0 | D:1      | Noticed a draconian
     0 | D:1      | Noticed a naga
     0 | D:1      | Noticed a merfolk
     0 | D:1      | Noticed an elf
     3 | D:1      | Killed a merfolk
     4 | D:1      | Killed a gargoyle
     7 | D:1      | Killed a draconian
     9 | D:1      | Killed a vine stalker
    10 | D:1      | Found Ihuidgh's Weapon Shoppe.
    10 | D:1      | Killed a human
    11 | D:1      | Killed a merfolk
    13 | D:1      | Killed an elf
    16 | D:1      | Killed a ghoul
    21 | D:1      | Killed a gargoyle
    21 | D:1      | Killed a naga
   318 | D:1      | Gained mutation: You regenerate magic rapidly. [demonic
                  | ancestry]
   318 | D:1      | Reached XP level 2. HP: 23/24 MP: 2/2
   454 | D:2      | Found a faded altar of an unknown god.
   956 | D:2      | Slain by an adder

Illustrated notes

Levels and vault maps discovered:
D:1:      nicolae_arrival_kraken_aquarium_a, layout_rooms, serial_shops,
          nicolae_square_shop, minivault_14
D:2:      layout_loops_cross, chequers_ecumenical_altar_island, serial_aquarium,
          aquarium_bridge_square [aquarium_subvault_wall,
          aquarium_subvault_bridge, aquarium_subvault_window,
          aquarium_subvault_wall], aquarium_window_fake, aquarium_window_fake,
          aquarium_window_1, aquarium_view_2a, aquarium_view_2a

Skill      XL: |  1 |
---------------+----+-----
Long Blades    | 2 |  2.5
Shields        | 3 |  3.1
Fighting       | |  3.0
Armour         | |  2.6

Action                   || total
-------------------------++-------
Melee: Long sword        ||    62
Armor: Scale mail        ||    12
       Chain mail        ||    33
Dodge: Dodged            ||    17
Block: Buckler           ||    16

Table legend: (Time is in decaauts)
 A = Elapsed time spent in this place.
 B = Non-inter-level travel time spent in this place.
 C = Inter-level travel time spent in this place.
 D = Time resting spent in this place.
 E = Time spent auto-exploring this place.
 F = Levels seen in this place.
 G = Mean time per level.
                   A        B        C        D        E       F      G
               +--------+--------+--------+--------+--------+-----+--------+
         Total |    978 |    978 |      0 |    132 |    627 |   2 |  489.0 |
       Dungeon |    978 |    978 |      0 |    132 |    627 |   2 |  489.0 |
               +--------+--------+--------+--------+--------+-----+--------+

Top non-repeatable levels by time:
     D:2: 531 daAuts
     D:1: 446 daAuts
